AoeStats
← Abhinavcj

MegaRandom

506574817Analyzed
4v4 RM · 20d ago on Sep 14, 2026· 39m 22s· 8 players
Game mode
Random Map
Map size
Large (8 player)
Population
200
Speed
Normal
Resources
Standard
Victory
Conquest
Starting age
Dark Age
Ending age
Imperial Age
RankedLock teamsTeams togetherTeam positionsShared explorationLock speedFull tech treeHidden civsTurbo modeCheats
Victory
Defeat
🇦🇷 Khmer · Argentina
1363
+16
🇦🇷 Mongols · Argentina
1350
+17
🇦🇷 Magyars · Argentina
1312
+18
🇺🇸 Japanese · United States
1308
+18
🇺🇸 Khmer · United States
1432
-20
🇺🇸 Persians · United States
1388
-18
🇺🇸 Spanish · United States
1372
-18
🇺🇸 Jurchens · United States
1254
-13
GuilleGodoy95
3:39 Loom
12:23 Feudal Age
16:38 Castle Age
15:24 Fletching
15:40 Double-Bit Axe
16:57 Horse Collar
17:45 Medium Warships
18:00 Bodkin Arrow
31:09 Wheelbarrow
35:09 Ballistics
36:02 Masonry
42:27 Imperial Age
ReaperAOE2
1:40 Loom
12:05 Feudal Age
12:41 Double-Bit Axe
17:45 Castle Age
15:48 Fishing Lines
19:28 Bloodlines
19:13 Gillnets
22:25 Horse Collar
24:45 Husbandry
25:41 Scale Barding Armor
27:20 Wheelbarrow
27:44 Gold Mining
28:11 Bow Saw
28:03 Heavy Plow
28:37 Town Watch
29:16 Chain Barding Armor
33:54 Imperial Age
32:20 Hand Cart
32:07 Corvinian Army
34:00 Cavalier
35:58 Two-Man Saw
35:31 Crop Rotation
35:43 Conscription
35:22 Paladin
36:42 Plate Barding Armor
36:46 Medium Warships
39:00 Heavy Warships
Abhinavcj
5:31 Loom
10:31 Feudal Age
10:57 Fishing Lines
11:11 Double-Bit Axe
18:54 Castle Age
17:20 Gold Mining
19:55 Bow Saw
19:25 Horse Collar
19:41 Gillnets
23:54 Gold Shaft Mining
23:12 Stone Mining
23:43 Heavy Plow
25:52 Wheelbarrow
29:26 Imperial Age
28:10 Hand Cart
28:51 Fletching
29:41 Bodkin Arrow
29:39 Guard Tower
29:52 Yasama
29:34 Treadmill Crane
30:15 Ballistics
31:16 Bracer
32:29 Keep
33:04 Conscription
32:46 Arrowslits
33:12 Masonry
34:08 Kataparuto
33:44 Pikeman
35:42 Chemistry
36:03 Two-Man Saw
35:13 Squires
36:09 Scale Mail Armor
37:09 Chain Mail Armor
36:42 Halberdier
37:59 Forging
38:20 Plate Mail Armor
38:03 Forging
38:26 Plate Mail Armor
38:06 Forging
38:46 Arson
40:34 Iron Casting
[BRANCA] Lord_FeDe
7:37 Loom
10:12 Feudal Age
10:53 Double-Bit Axe
18:00 Castle Age
16:57 Scale Barding Armor
16:34 Horse Collar
18:15 Gold Mining
18:53 Bow Saw
19:20 Chain Barding Armor
22:37 Heavy Plow
22:51 Forging
23:59 Wheelbarrow
23:10 Town Watch
24:14 Bloodlines
24:46 Husbandry
29:04 Hand Cart
32:14 Imperial Age
30:44 Iron Casting
32:06 Fletching
33:52 Gold Shaft Mining
35:41 Plate Barding Armor
36:43 Blast Furnace
36:13 Heavy Scorpion
36:55 Elite Battle Elephant
37:34 Bodkin Arrow
38:27 Stone Mining
39:26 Conscription
39:36 Tusk Swords
sakuzi
14:05 Feudal Age
12:22 Loom
14:08 Feudal Age
20:59 Castle Age
21:47 Squires
22:47 Forging
24:39 Double-Bit Axe
24:36 Horse Collar
31:04 Iron Casting
30:31 Scale Mail Armor
33:53 Gambesons
36:27 Pikeman
39:49 Bow Saw
josh2bnow
3:01 Loom
11:08 Feudal Age
11:32 Double-Bit Axe
11:54 Town Watch
18:21 Castle Age
16:14 Fletching
19:51 Bow Saw
26:04 Horse Collar
28:15 Kamandaran
28:52 Wheelbarrow
28:26 Crossbowman
29:12 Thumb Ring
29:26 Gold Mining
29:26 Stone Mining
34:08 Imperial Age
32:34 Bodkin Arrow
32:40 Padded Archer Armor
34:11 Ballistics
34:10 Leather Archer Armor
35:39 Chemistry
35:01 Conscription
35:24 Hand Cart
36:18 Bloodlines
36:08 Husbandry
35:30 Light Cavalry
37:24 Two-Man Saw
36:37 Heavy Plow
37:13 Ring Archer Armor
36:50 Scale Barding Armor
36:55 Forging
37:01 Town Patrol
37:11 Hussar
39:16 Chain Barding Armor
Pickel727
12:51 Feudal Age
17:19 Castle Age
15:28 Fishing Lines
15:57 Double-Bit Axe
16:04 Horse Collar
16:57 Gold Mining
18:30 Loom
20:45 Wheelbarrow
27:52 Imperial Age
25:53 Hand Cart
25:23 Town Watch
26:23 Bow Saw
26:49 Scale Barding Armor
26:54 Forging
27:39 Husbandry
27:49 Bloodlines
27:48 Gillnets
28:40 Medium Warships
29:34 Forging
33:15 Chain Barding Armor
33:30 Iron Casting
34:57 Gold Shaft Mining
35:54 Plate Barding Armor
36:20 Blast Furnace
35:49 Elite Battle Elephant
36:33 Tusk Swords
37:32 Light Cavalry
38:34 Heavy Plow
Gideon the Hero
10:10 Loom
12:25 Feudal Age
16:24 Castle Age
14:30 Double-Bit Axe
14:50 Fishing Lines
16:51 Forging
17:34 Bow Saw
17:50 Medium Warships
19:19 Fletching
20:04 Bodkin Arrow
22:31 Ballistics
23:58 Careening
27:12 Clinker Construction
26:53 Horse Collar
30:03 Heavy Plow
31:12 Demolition Ship
31:45 Gillnets
34:01 Scale Barding Armor
34:31 Iron Casting
34:01 Scale Barding Armor
34:31 Iron Casting
35:16 Wheelbarrow
34:27 Town Watch
37:59 Imperial Age
35:51 Scale Barding Armor
36:21 Iron Casting
35:51 Scale Barding Armor
36:22 Iron Casting
37:06 Chain Barding Armor
36:37 Pikeman
37:18 Squires
37:03 Arson
37:23 Scale Mail Armor
38:10 Masonry
39:41 Chemistry
38:11 Light Cavalry
39:02 Bloodlines
38:52 Husbandry
38:15 Cavalier
39:32 Heavy Warships
40:48 Blast Furnace
40:23 Plate Barding Armor
40:48 Blast Furnace
40:23 Plate Barding Armor
40:49 Blast Furnace
Connection lost

Rejoining the realm…

Still unreachable

The connection could not be restored.

Session expired

The server has moved on; the page needs a fresh start.